Map: [TLMC19] Ghost River

Players

MaxPax - Winner!

  • Race: Protoss Protoss
  • League: Master
  • Spawn Location: 1:00

ByuN

  • Race: Terran Terran
  • Spawn Location: 11:00

VOD

Have the link to the VOD?

Description

Time

  • Played on: Dec. 22, 2023, 7:40 a.m.
  • Length: 13:10
Show
View Real Time Build Order
Export as new Build Order

MaxPax Protoss - Winner!

Build Orders: 1 Gate Expand, Phoenix Opening 

Get SALT Encoding   

  12  0:00  Probe  
  13  0:12  Probe  
  14  0:17  Pylon  
  14  0:24  Probe (Chrono Boost)  
  15  0:36  Probe (Chrono Boost)  
  15  0:37  Gateway  
  16  0:44  Probe (Chrono Boost)  
  16  0:47  Assimilator  
  17  0:51  Probe  
  18  1:03  Probe  
  19  1:15  Probe  
  20  1:24  Cybernetics Core  
  20  1:32  Nexus  
  20  1:36  Probe  
  21  1:42  Pylon  
  21  1:48  Probe  
  21  1:49  Assimilator  
  22  1:58  Stalker (Chrono Boost)  
  22  2:00  Probe  
  25  2:12  Probe  
  25  2:22  Stalker  
  25  2:24  Probe  
  27  2:34  Shield Battery  
  27  2:36  Probe  
  28  2:40  Stargate  
  28  2:47  Probe  
  28  2:48  Probe  
  30  2:59  Stalker  
  30  3:02  Probe  
  32  3:10  Warp Gate, Probe (Chrono Boost)  
  33  3:14  Probe (Chrono Boost)  
  34  3:22  Probe (Chrono Boost)  
  34  3:25  Probe (Chrono Boost)  
  36  3:27  Phoenix  
  36  3:28  Probe (Chrono Boost)  
  36  3:31  Probe (Chrono Boost)  
  40  3:38  Probe (Chrono Boost)  
  41  3:46  Probe x2 (Chrono Boost)  
  43  3:52  Pylon, Phoenix  
  43  3:53  Probe  
  46  3:58  Robotics Facility  
  46  4:06  Pylon  
  46  4:09  Assimilator  
  46  4:10  Probe (Chrono Boost)  
  46  4:11  Assimilator  
  46  4:15  Probe (Chrono Boost)  
  48  4:18  Phoenix  
  48  4:20  Probe (Chrono Boost)  
  48  4:23  Pylon  
  48  4:24  Probe (Chrono Boost)  
  52  4:25  Probe (Chrono Boost)  
  53  4:34  Probe  
  53  4:36  Probe  
  55  4:43  Phoenix  
  55  4:44  Pylon  
  57  4:46  Probe  
  59  4:56  Immortal (Chrono Boost)  
  59  4:58  Probe  
  64  5:02  Robotics Bay  
  63  5:11  Phoenix  
  63  5:13  Pylon  
  65  5:16  Nexus  
  65  5:22  Probe  
  66  5:28  Stalker  
  66  5:34  Probe  
  69  5:36  Phoenix  
  69  5:41  Shield Battery  
  75  5:45  Probe  
  75  5:46  Probe  
  71  5:57  Probe  
  71  5:58  Observer (Chrono Boost)  
  71  6:02  Phoenix  
  62  6:13  Probe  
  62  6:16  Probe  
  63  6:26  Colossus (Chrono Boost)  
  63  6:27  Probe (Chrono Boost), Phoenix  
  63  6:30  Probe x2 (Chrono Boost)  
  73  6:35  Zealot  
  78  6:41  Extended Thermal Lance, Probe x2 (Chrono Boost)  
  78  6:43  Probe (Chrono Boost)  
  78  6:46  Probe x2 (Chrono Boost)  
  78  6:50  Probe  
  78  6:52  Phoenix  
  83  6:56  Probe  
  83  6:58  Probe  
  85  7:02  Probe  
  85  7:08  Gateway x2, Probe  
  87  7:09  Colossus (Chrono Boost)  
  93  7:18  Pylon, Probe  
  93  7:19  Probe  
  95  7:23  Twilight Council  
  95  7:24  Forge, Probe  
  96  7:30  Probe  
  96  7:31  Probe  
  96  7:35  Sentry  
  96  7:36  Probe  
  101  7:40  Gateway  
  101  7:41  Gateway  
  101  7:42  Probe  
  102  7:44  Gateway  
  102  7:47  Colossus (Chrono Boost)  
  102  7:48  Shield Battery  
  109  7:56  Charge (Chrono Boost), Shield Battery  
  108  8:02  Gateway  
  108  8:06  Gateway, Protoss Ground Weapons Level 1 (Chrono Boost)  
  108  8:09  Pylon  
  108  8:10  Assimilator, Probe  
  108  8:11  Assimilator  
  108  8:12  Pylon  
  109  8:15  Pylon  
  109  8:20  Probe  
  109  8:29  Nexus  
  109  8:31  Templar Archives  
  109  8:32  Pylon  
  109  8:34  Warp Prism (Chrono Boost)  
  111  8:43  Zealot x5  
  111  8:45  Zealot  
  123  8:48  Pylon  
  123  8:55  Probe  
  120  8:57  Zealot, Pylon  
  120  9:01  Zealot  
  124  9:08  High Templar x2  
  124  9:09  High Templar x2  
  132  9:10  Pylon  
  132  9:11  Zealot x2  
  132  9:14  Archon x2  
  132  9:16  Gateway  
  136  9:17  Gateway  
  136  9:18  Probe  
  137  9:28  Probe x2  
  137  9:31  Robotics Facility  
  137  9:36  Zealot x2  
  137  9:37  Zealot x2  
  123  9:48  Disruptor (Chrono Boost), Zealot x8  
  123  9:50  Probe  
  142  9:53  Probe x3  
  142  9:55  Blink  
  145  10:02  Probe  
  145  10:05  Probe x2  
  146  10:08  Forge  
  146  10:10  Probe  
  146  10:11  High Templar x2  
  149  10:14  Probe  
  149  10:15  Disruptor (Chrono Boost)  
  149  10:16  Archon  
  149  10:17  Probe x2  
  160  10:22  Probe  
  160  10:23  Protoss Ground Weapons Level 2 (Chrono Boost)  
  160  10:26  Disruptor (Chrono Boost)  
  160  10:27  Zealot x5  
  171  10:32  Pylon  
  171  10:33  Pylon  
  163  10:45  Pylon  
  163  10:48  Pylon  
  163  10:49  Zealot x5  
  161  10:54  Disruptor (Chrono Boost)  
  161  10:56  Disruptor (Chrono Boost)  
  165  10:59  Stalker x3  
  171  11:06  Nexus  
  171  11:13  Protoss Ground Armor Level 1 (Chrono Boost)  
  171  11:16  Photon Cannon  
  171  11:25  Disruptor (Chrono Boost)  
  167  11:29  Stalker x5  
  167  11:30  Zealot x2  
  181  11:37  Observer  
  181  11:39  Probe  
  179  11:43  Zealot x3  
  177  11:49  Dark Shrine  
  177  11:53  Disruptor (Chrono Boost)  
  169  11:55  Zealot x6  
  169  11:56  Probe  
  169  11:57  Probe x2  
  184  12:09  Zealot x4  
  192  12:15  Dark Shrine  
  192  12:17  Disruptor (Chrono Boost)  
  192  12:21  Pylon  
  194  12:29  Zealot x5  
  182  12:43  Zealot x5  
  182  12:50  Zealot x5  
Show
View Real Time Build Order
Export as new Build Order

ByuN Terran 

Build Orders: Cyclone Opening 

Get SALT Encoding   

  12  0:01  SCV  
  13  0:13  SCV  
  14  0:18  Supply Depot  
  14  0:25  SCV  
  15  0:39  SCV  
  15  0:41  Barracks  
  16  0:45  Refinery  
  16  0:51  SCV  
  16  0:55  Refinery  
  17  1:04  SCV  
  18  1:16  SCV  
  19  1:27  Reaper  
  19  1:28  Orbital Command  
  20  1:45  Factory, Bunker  
  20  1:54  Supply Depot  
  20  1:56  SCV  
  20  2:01  Reaper  
  22  2:09  SCV  
  23  2:21  SCV  
  24  2:29  Cyclone  
  26  2:34  SCV  
  27  2:41  Command Center  
  27  2:48  SCV  
  27  2:49  Supply Depot  
  28  3:01  Starport, Factory Reactor  
  28  3:04  SCV  
  28  3:16  SCV  
  29  3:22  Barracks Tech Lab  
  29  3:28  SCV  
  30  3:38  Cyclone x2  
  30  3:40  SCV  
  35  3:51  Cloaking Field  
  35  3:52  SCV  
  36  3:56  Orbital Command  
  36  4:02  Barracks  
  36  4:04  SCV, Banshee  
  40  4:11  Supply Depot  
  40  4:16  Marine x2  
  43  4:19  Factory Tech Lab  
  43  4:21  SCV x2  
  44  4:33  SCV  
  44  4:34  SCV, Marine x2  
  44  4:38  Siege Tank, Engineering Bay  
  51  4:45  SCV  
  51  4:46  SCV  
  51  4:51  Marine, Banshee  
  51  4:52  Marine x2  
  58  4:58  SCV x2  
  59  5:04  Supply Depot  
  59  5:05  Refinery  
  59  5:08  Barracks  
  59  5:10  Terran Infantry Weapons Level 1, SCV x2  
  61  5:16  Marine  
  61  5:20  Supply Depot  
  62  5:25  SCV x2, Marine  
  66  5:34  Marauder, Stimpack  
  67  5:37  SCV x2  
  69  5:44  Marine x2, Starport Reactor  
  69  5:48  Supply Depot  
  69  5:49  SCV x2  
  73  6:01  SCV x2  
  66  6:05  Marauder  
  66  6:09  Marine x2  
  65  6:11  Barracks  
  65  6:14  SCV x2  
  65  6:20  Barracks  
  65  6:23  Combat Shield  
  65  6:24  Marauder  
  64  6:26  SCV, Marauder, Medivac  
  64  6:27  Medivac  
  64  6:28  Command Center  
  64  6:29  SCV  
  69  6:34  Missile Turret  
  69  6:37  Marine  
  69  6:38  Marine  
  69  6:39  Refinery  
  72  6:42  Missile Turret  
  72  6:46  SCV x2  
  73  6:50  Marauder  
  73  6:51  Marauder  
  73  6:53  Missile Turret  
  75  6:58  SCV x2  
  75  7:03  Marine x2, Barracks Reactor  
  75  7:05  Terran Infantry Armor Level 1  
  77  7:09  Barracks Reactor  
  77  7:10  SCV x2  
  77  7:11  Barracks Tech Lab  
  77  7:12  Marauder x2  
  82  7:21  Ghost Academy  
  82  7:22  SCV x2  
  82  7:30  Marine  
  82  7:31  Marine  
  82  7:34  SCV x2  
  85  7:41  Supply Depot  
  85  7:44  Medivac  
  85  7:46  SCV x2  
  85  7:47  Missile Turret  
  85  7:53  Medivac  
  85  7:54  Orbital Command  
  85  7:57  Ghost x2  
  91  7:58  SCV x2  
  91  8:02  Ghost  
  95  8:06  Supply Depot  
  95  8:07  Marine x2  
  95  8:08  Supply Depot  
  95  8:09  Marine x2  
  95  8:10  SCV x2  
  101  8:20  Supply Depot  
  101  8:23  SCV x3  
  101  8:26  Marauder x2  
  108  8:31  Marauder  
  108  8:33  Marine x4  
  114  8:34  Medivac x2  
  114  8:35  SCV x2  
  114  8:37  SCV  
  114  8:41  Widow Mine  
  123  8:47  SCV x2  
  123  8:48  Supply Depot x2  
  125  8:52  Ghost  
  125  8:54  Marauder  
  125  8:55  Marine x4  
  133  9:04  Refinery  
  133  9:05  Refinery  
  133  9:08  Supply Depot  
  133  9:09  SCV x3, Ghost  
  138  9:10  Widow Mine  
  138  9:11  Supply Depot  
  138  9:15  Viking x2  
  142  9:21  SCV x3  
  149  9:28  Command Center  
  145  9:32  Concussive Shells  
  145  9:33  Marauder x2, Factory Reactor  
  151  9:38  Marauder  
  143  9:46  Marine x2  
  143  9:48  Marine x2  
  143  9:51  Viking  
  149  9:54  Viking  
  149  9:55  Marauder x2  
  149  9:59  Supply Depot, Marauder  
  157  10:00  Supply Depot  
  157  10:13  Armory  
  156  10:15  Engineering Bay, Ghost  
  156  10:16  Marauder  
  156  10:19  Marine x4  
  156  10:21  Marauder  
  166  10:25  Barracks  
  166  10:26  Viking x2  
  166  10:27  Barracks  
  170  10:35  Barracks  
  170  10:37  Supply Depot  
  163  10:44  Marauder  
  148  10:54  Marauder x2  
  148  10:57  Marine x4  
  147  11:00  SCV x3  
  154  11:06  Marauder  
  154  11:09  Viking x2  
  156  11:14  Widow Mine x2  
  156  11:15  SCV x2  
  156  11:16  SCV  
  163  11:21  Missile Turret  
  162  11:31  Marauder x3  
  168  11:35  Planetary Fortress  
  168  11:38  Marine  
  168  11:39  Marine x3  
  167  11:45  SCV x2  
  162  11:48  Barracks Reactor  
  162  11:49  Barracks Tech Lab x2  
  162  11:52  SCV  
  160  11:57  SCV x2  
  160  12:00  Marine, Ghost  
  165  12:03  Missile Turret  
  165  12:04  SCV  
  165  12:07  Marauder x3  
  172  12:09  SCV x2  
  173  12:17  Marauder  
  174  12:28  Ghost x2, Marauder  
  174  12:29  Marauder  
  164  12:38  Marauder  
  135  12:44  Marine  
  135  12:45  Marine x4  
  135  12:49  Widow Mine  
  135  12:50  Marine  
Tags
 
Add a new tag
Caveats
  • Supply blocks, unpowered buildings, or Contaminate may cause inaccurate times.
  • Supply counts are checked every 10 seconds.